 Dungeon Crawl Stone Soup version 0.26.1-11-gd32895ea62 (webtiles) character file.

Game seed: 1648711657205519223

42797 KamiKatze the Ripper (level 13, -10/96 HPs)
             Began as a Felid Berserker on June 28, 2021.
             Was the Champion of Trog.
             Mangled by Jorgrun
             ... wielding a +0 vorpal quarterstaff
              (14 damage)
             ... on level 12 of the Dungeon.
             The game lasted 01:42:30 (31708 turns).

KamiKatze the Ripper (Felid Berserker)             Turns: 31708, Time: 01:42:31

Health: -10/96     AC:  3    Str: 17    XL:     13   Next: 87%
Magic:  14/14      EV: 32    Int:  6    God:    Trog [******]
Gold:   2327       SH:  0    Dex: 16    Spells: 12/12 levels left
                                        Lives:  0   Deaths: 4

rFire    . . .     SeeInvis +     - Unarmed
rCold    + . .     Faith    .   (shield unavailable)
rNeg     + . .     Spirit   .   (armour unavailable)
rPois    .         Reflect  .   (helmet unavailable)
rElec    .         Harm     .   (cloak unavailable)
rCorr    .         Rampage  .   (gloves unavailable)
Will     +....                  (boots unavailable)
Stlth    ..........             B - amulet of regeneration
HPRegen  0.66/turn              o - ring of positive energy
MPRegen  0.14/turn              y - ring "Eczudauf" {EV+4 Int-3 Slay+4 SInv}

@: berserking, grasped by roots, constricted, very quick
A: very small, no armour, no weapons or thrown items, stealth, claws 1, fangs 3,
see invisible, speed 1, shaggy fur 3, sharp paws
a: Renounce Religion, Berserk, Trog's Hand, Brothers in Arms


You were on level 12 of the Dungeon.
You worshipped Trog.
Trog was exalted by your worship.
You visited 4 branches of the dungeon, and saw 22 of its levels.
You also visited: Ossuary and Bailey.

You collected 2327 gold pieces.

Inventory:

Jewellery
 l - an uncursed amulet of the acrobat
 o - a ring of positive energy (left paw)
 y - the ring "Eczudauf" (right paw) {EV+4 Int-3 Slay+4 SInv}
   (You found it on level 5 of the Lair of Beasts)

   [ring of evasion]

   It affects your evasion (+4).
   It affects your intelligence (-3).
   It affects your accuracy and damage with ranged weapons and melee attacks
   (+4).
   It lets you see invisible.
 B - an amulet of regeneration (around neck)
Wands
 r - a wand of acid (9)
 w - a wand of iceblast (6)
 z - a wand of flame (5)
 C - a wand of random effects (26)
Scrolls
 c - 10 scrolls of remove curse
 f - 4 scrolls of identify
 i - 2 scrolls of fear
 k - 4 scrolls of immolation
 p - 2 scrolls of summoning
 q - 5 scrolls of teleportation
 s - 2 scrolls of fog
 t - a scroll of blinking
 u - 2 scrolls of magic mapping
Potions
 a - 4 potions of ambrosia
 b - 6 potions of haste
 d - 5 potions of heal wounds
 e - 4 potions of curing
 g - 4 potions of attraction
 h - 2 potions of magic
 j - 4 potions of lignification
 m - 3 potions of flight
 n - 5 potions of mutation
 v - 3 potions of might
 A - a potion of resistance
 E - a potion of cancellation {unknown}
Miscellaneous
 x - a phantom mirror


   Skills:
 + Level 11.9 Fighting
 + Level 14.9 Dodging
 + Level 15.3 Stealth
 * Level 15.8 Unarmed Combat
 + Level 9.4 Evocations


You had 12 spell levels left.
You didn't know any spells.
Your spell library was empty.

Dungeon Overview and Level Annotations

Branches:
Dungeon (13/15)            Temple (1/1) D:5            Lair (6/6) D:8
  Swamp (0/4) Lair:4        Snake (0/4) Lair:2        Slime (0/5) Lair:5
    Orc (2/2) D:10            Elf (0/3) Orc:2       Ossuary (visited)
 Bailey (visited)
 Vaults: D:13-14

Altars:
Ashenzari
Cheibriados
Dithmenos
Elyvilon
Fedhas
Gozag
Hepliaklqana
Kikubaaqudgha
Makhleb
Nemelex Xobeh
Okawaru
Qazlal
Ru
Sif Muna
Trog
Uskayaw
Vehumet
Wu Jian
Xom
Yredelemnul
Zin
The Shining One
Jiyva

Shops:
D:8 [   D:9 [   D:13 [   Orc:2 [:*(

Annotations:
D:12 Jorgrun
Lair:1 2 transporters, Anuteiduiw's ghost, journeyman OpIE
Lair:6 2 transporters, kthxbai's ghost, journeyman DgTm


Innate Abilities, Weirdness & Mutations

You cannot wear armour.
You are incapable of wielding weapons or throwing items.
Your paws allow you to move quietly. (Stealth)
You have sharp claws.
You have razor-sharp teeth.
You have supernaturally acute eyesight. (SInv)
You cover ground quickly.
Your thick and shaggy fur keeps you warm. (AC +3, rC+)
Your sharp claws are effective at attacking unaware monsters.


Message History

You mangle Jorgrun!!
Jorgrun is heavily wounded.
Jorgrun gestures at you while chanting.
You easily resist.
* * * LOW HITPOINT WARNING * * *
The grasping roots constrict you!
You claw Jorgrun!
Jorgrun is heavily wounded.
You scratch Jorgrun. Your bite misses Jorgrun.
Jorgrun is heavily wounded.
Jorgrun points at you and mumbles some strange words.
The iron shot hits you!!
* * * LOW HITPOINT WARNING * * *
x2 The grasping roots constrict you!
You closely miss Jorgrun.
Jorgrun is heavily wounded.
You mangle Jorgrun!!
Jorgrun is severely wounded.
Jorgrun hits you with a +0 vorpal quarterstaff!
You die...

.........#####...................
#.............<....♣............#
##..........####.....♣♣......####
##.......### ###...♣♣..#####
##......# ##.....##
####....##########...## ###
###........##....<....#### #..
....######...............######..
.#### ##....g@................ ##
#.......................
##...............P.PP♣...
#................♣...♣P♣.
#........)......P.⌠.⌠..♣.
##................._...♣.
##..<..........♣.⌠.⌠.♣♣#
##.............♣...♣P## ####
###...####...P♣P....#.


You could see Jorgrun.

Vanquished Creatures
  An acid blob (Lair:5)
  An entropy weaver (Lair:5)
  An ettin (Orc:1)
  6 hydras
  A death yak (Lair:5)
  2 two-headed ogres
  4 orc high priests (Orc:2)
  A queen ant (Lair:5)
  Sonja (Lair:1)
  A titan zombie (Orc:1)
  2 unseen horrors
  2 lindwurms (Lair:6)
  2 orc knights
  An ugly thing (D:11)
  A stone giant zombie (Orc:1)
  A deep elf mage (D:12)
  15 cyclopes
  3 orc sorcerers (Orc:2)
  10 elephants
  4 black mambas
  9 cane toads
  6 torpor snails (Lair:6)
  Maggie (D:6)
  4 rime drakes
  11 komodo dragons
  5 trolls
  3 tyrant leeches (Lair:6)
  6 hornets (Lair:6)
  2 polar bears
  6 dream sheep
  5 slime creatures
  13 blink frogs
  A water elemental (D:12)
  5 wyverns
  A shadow (D:9)
  A fire elemental (Orc:1)
  38 yaks
  A wraith (Ossuary)
  A basilisk (D:12)
  A human (shapeshifter) (D:13)
  Grum (Lair:1)
  A steam dragon (Lair:3)
  3 nagas (Lair:2)
  2 wargs (Orc:1)
  20 soldier ants
  10 water moccasins
  4 sky beasts
  An ice beast (D:11)
  30 orc warriors
  2 black bears
  7 phantoms
  A necrophage (D:9)
  13 centaurs
  8 ogres
  16 wolves
  2 big kobolds (D:7)
  15 bullfrogs
  5 scorpions
  2 cyclops zombies (Orc:1)
  A troll zombie (D:10)
  17 killer bees
  4 wights
  3 electric eels (D:12)
  3 hounds
  3 bullfrog zombies
  A lava snake (Orc:1)
  3 jellies
  23 orc priests
  13 orc wizards
  6 iguanas
  29 worker ants
  6 ogre zombies (D:10)
  A hound skeleton (D:11)
  A mummy (Ossuary)
  A worker ant zombie (D:6)
  Robin (D:2)
  4 gnolls
  10 adders
  A howler monkey skeleton (D:4)
  3 shadow imps
  3 ufetubi
  2 oozes
  4 worms
  3 dart slugs
  5 leopard geckos
  58 orcs
  A ball python (D:2)
  7 giant cockroaches
  21 goblins
  14 hobgoblins
  18 jackals
  17 kobolds
  3 quokkas
  3 bats
  3 frilled lizards
  2 gnoll skeletons (Ossuary)
  3 goblin skeletons (D:10)
  A goblin zombie (D:10)
  3 hobgoblin skeletons (D:10)
  3 hobgoblin zombies (D:10)
  A jackal skeleton (D:4)
  10 kobold skeletons (Ossuary)
  A leopard gecko skeleton (D:3)
  15 orc skeletons
  13 orc zombies (D:10)
  7 rats
678 creatures vanquished.

Vanquished Creatures (collateral kills)
  A fire giant (Orc:1)
  An orc warlord (Orc:2)
  An entropy weaver (Lair:6)
  An ice dragon (Lair:6)
  3 death yaks (Lair:4)
  4 oklob plants (Lair:6)
  A komodo dragon (Lair:4)
  A water moccasin (Lair:4)
  2 orc warriors
  2 bullfrogs (Lair:4)
  A worker ant zombie (D:11)
  An orc (Orc:1)
19 creatures vanquished.

Vanquished Creatures (others)
  A bush (D:9)
  72 fungi
  71 plants
144 creatures vanquished.

Grand Total: 841 creatures vanquished

Notes
Turn   | Place    | Note
-------+----------+-------------------------------------------
     0 | D:1      | KamiKatze the Felid Berserker began the quest for the Orb.
     0 | D:1      | Reached XP level 1. HP: 10/10 MP: 2/2
    64 | D:1      | Reached XP level 2. HP: 14/14 MP: 3/3
   607 | D:2      | Found a faded altar of an unknown god.
   610 | D:2      | Reached XP level 3. HP: 16/17 MP: 4/4
   858 | D:2      | Found a shadowy altar of Dithmenos.
   994 | D:2      | Reached ** piety under Trog
  1294 | D:2      | Reached XP level 4. HP: 21/21 MP: 5/5
  1546 | D:2      | Reached skill level 1 in Stealth
  1552 | D:2      | Noticed Robin
  1558 | D:2      | Killed Robin
  1970 | D:3      | Reached skill level 5 in Dodging
  1992 | D:3      | Reached *** piety under Trog
  2039 | D:3      | Reached XP level 5. HP: 20/25 MP: 6/6
  3003 | D:4      | Noticed a phantom
  3203 | D:4      | Noticed an ogre
  3205 | D:4      | Noticed an ogre
  3205 | D:4      | Slain by an ogre
  3206 | D:4      | Reached XP level 4. HP: -4/22 MP: 5/5
  3215 | D:4      | Killed an ogre
  3216 | D:4      | Reached skill level 5 in Unarmed Combat
  3216 | D:4      | Reached XP level 5. HP: 25/25 MP: 6/6
  3255 | D:4      | Killed an ogre
  3361 | D:4      | Gained mutation: You are covered in thick fur. (AC +2)
                  | [Felid growth]
  3361 | D:4      | Reached XP level 6. HP: 28/28 MP: 7/7
  3491 | D:4      | Reached **** piety under Trog
  3721 | D:4      | Reached XP level 7. HP: 4/33 MP: 8/8
  4046 | D:4      | Found a shimmering blue altar of Sif Muna.
  4121 | D:5      | Entered Level 5 of the Dungeon
  4204 | D:5      | Found a staircase to the Ecumenical Temple.
  4227 | Temple   | Entered the Ecumenical Temple
  4751 | D:5      | Reached skill level 5 in Fighting
  5243 | D:6      | Found a sand-covered staircase.
  5248 | Ossuary  | Entered an ossuary
  5248 | Ossuary  | Noticed a wraith
  5248 | Ossuary  | Noticed a wraith
  5248 | Ossuary  | Noticed a wraith
  5515 | Ossuary  | Noticed a wraith
  5532 | Ossuary  | Killed a wraith
  5533 | Ossuary  | Reached skill level 5 in Stealth
  5628 | D:6      | Noticed Maggie
  5645 | D:6      | Killed Maggie
  5646 | D:6      | Reached XP level 8. HP: 37/37 MP: 9/9
  6297 | D:7      | Found an iron altar of Okawaru.
  6761 | D:7      | Reached ***** piety under Trog
  6964 | D:7      | Reached XP level 9. HP: 41/41 MP: 10/10
  8167 | D:8      | Found Lucuh's Armour Boutique.
  8221 | D:8      | Found a staircase to the Lair.
  8745 | D:9      | Found Guset's Armour Emporium.
  8952 | D:9      | Found a blossoming altar of Fedhas.
  9126 | D:9      | Found a flagged portal.
  9142 | Bailey   | Entered a bailey
  9308 | Bailey   | Found an iron altar of Okawaru.
  9308 | Bailey   | Noticed a kobold demonologist
  9308 | Bailey   | Noticed an orc sorcerer
  9332 | Bailey   | Noticed a smoke demon
  9687 | D:10     | Entered Level 10 of the Dungeon
  9799 | D:10     | Found a staircase to the Orcish Mines.
  9847 | D:9      | Reached XP level 10. HP: 24/47 MP: 11/11
 10092 | D:9      | Reached skill level 10 in Unarmed Combat
 10657 | D:10     | Noticed an unseen horror
 10681 | D:10     | Killed an unseen horror
 10682 | D:10     | Reached skill level 10 in Dodging
 11196 | D:11     | Noticed a cyclops
 11562 | D:11     | Noticed a two-headed ogre
 11912 | D:11     | Killed a two-headed ogre
 12353 | D:11     | Noticed an unseen horror
 12472 | D:11     | Killed an unseen horror
 12473 | D:11     | Reached skill level 10 in Stealth
 12528 | D:11     | Killed a cyclops
 13421 | D:11     | Reached XP level 11. HP: 51/51 MP: 12/12
 13870 | D:12     | Found a burning altar of Makhleb.
 14190 | D:12     | Noticed a brown ugly thing
 14442 | Lair:1   | Entered Level 1 of the Lair of Beasts
 14491 | Lair:1   | Noticed Grum
 14503 | Lair:1   | Identified the +10 trident of Sahosi {antimagic, Str+2
                  | Int+2}
 14503 | Lair:1   | Noticed a spriggan rider
 14689 | Lair:1   | Killed Grum
 14952 | Lair:1   | Found a transporter.
 14959 | Lair:1   | Found a bloodstained altar of Trog.
 14966 | Lair:1   | Found a transporter.
 14967 | Lair:1   | Noticed Anuteiduiw's ghost (journeyman OpIE)
 15054 | Lair:1   | Noticed Sonja
 15871 | Lair:1   | Killed Sonja
 15872 | Lair:1   | Reached skill level 1 in Evocations
 16242 | Lair:2   | Found a burning altar of Makhleb.
 16496 | Lair:2   | Noticed a six-headed hydra
 16870 | Lair:1   | Slain by a cane toad
 16871 | Lair:1   | Reached XP level 10. HP: -1/49 MP: 11/11
 16919 | Lair:1   | Killed a cane toad
 17033 | Lair:2   | Reached ****** piety under Trog
 17057 | Lair:2   | Noticed a cane toad
 17080 | Lair:2   | Killed a cane toad
 17545 | Lair:2   | Killed a six-headed hydra
 17546 | Lair:2   | Reached XP level 11. HP: 50/53 MP: 12/12
 17657 | Lair:2   | Found a staircase to the Snake Pit.
 19336 | Lair:4   | Noticed a death yak
 19336 | Lair:4   | Noticed a death yak
 19346 | Lair:4   | Killed a death yak
 19350 | Lair:4   | Noticed a death yak
 19358 | Lair:4   | Killed a death yak
 19361 | Lair:4   | Killed a death yak
 19424 | Lair:4   | Found a staircase to the Swamp.
 19730 | Lair:4   | Reached skill level 5 in Evocations
 20123 | Lair:4   | Noticed a seven-headed hydra
 20130 | Lair:4   | Killed a seven-headed hydra
 20131 | Lair:4   | Gained mutation: Your thick and shaggy fur keeps you warm.
                  | (AC +3, rC+) [Felid growth]
 20131 | Lair:4   | Reached XP level 12. HP: 58/58 MP: 13/13
 20228 | Lair:4   | Found a white marble altar of Elyvilon.
 20954 | Lair:5   | Reached skill level 10 in Fighting
 21194 | Lair:5   | Found a runed translucent door.
 21194 | Lair:5   | Found a viscous altar of Jiyva.
 21195 | Lair:5   | Got a coiled steel ring
 21196 | Lair:5   | Identified the ring "Eczudauf" {EV+4 Int-3 Slay+4 SInv}
                  | (You found it on level 5 of the Lair of Beasts)
 21198 | Lair:5   | Noticed an acid blob
 21199 | Lair:5   | Found a staircase to the Slime Pits.
 21239 | Lair:5   | Killed an acid blob
 21244 | Lair:5   | Noticed a six-headed hydra
 21252 | Lair:5   | Killed a six-headed hydra
 21407 | Lair:5   | Noticed a five-headed hydra
 21509 | Lair:5   | Killed a five-headed hydra
 21925 | Lair:6   | Entered Level 6 of the Lair of Beasts
 22227 | Lair:6   | Found a transporter.
 22227 | Lair:6   | Noticed a seven-headed hydra
 22229 | Lair:6   | Noticed an entropy weaver
 22231 | Lair:6   | Noticed an entropy weaver
 22232 | Lair:6   | Noticed a queen ant
 22279 | Lair:6   | Noticed a six-headed hydra
 22386 | Lair:5   | HP: 4/87 [entropy weaver (9)]
 22387 | Lair:5   | Slain by an entropy weaver
 22388 | Lair:5   | Reached XP level 11. HP: -1/82 MP: 12/12
 22404 | Lair:5   | Killed an entropy weaver
 22503 | Lair:5   | Reached XP level 12. HP: 28/58 MP: 13/13
 22880 | Lair:6   | Found a transporter.
 23539 | Lair:6   | Noticed kthxbai's ghost (journeyman DgTm)
 23542 | Lair:6   | Noticed a four-headed hydra
 23551 | Lair:6   | Noticed a death yak
 23606 | Lair:5   | Killed a four-headed hydra
 23836 | Lair:5   | Killed a queen ant
 24404 | Lair:6   | Killed an entropy weaver
 25297 | Lair:6   | Found a runed translucent door.
 25298 | Lair:6   | Noticed an ice dragon
 25389 | Lair:6   | Reached XP level 13. HP: 60/63 MP: 14/14
 25504 | Lair:6   | HP: 3/63 [six-headed hydra (13)]
 26286 | Lair:6   | Demolished by a tyrant leech
 26287 | Lair:6   | Reached XP level 12. HP: -16/60 MP: 13/13
 26530 | Lair:6   | Reached skill level 15 in Unarmed Combat
 26681 | Lair:6   | Killed an ice dragon
 26970 | Lair:6   | Paralysed by a hornet for 3 turns
 27222 | Orc:1    | Entered Level 1 of the Orcish Mines
 28214 | Orc:2    | Entered Level 2 of the Orcish Mines
 28216 | Orc:2    | Found Sievula's Book Shop.
 28243 | Orc:2    | Found a staircase to the Elven Halls.
 28269 | Orc:2    | Found Meajorr's General Store.
 28319 | Orc:2    | Noticed an orc high priest
 28367 | Orc:2    | Noticed an orc high priest
 28379 | Orc:2    | Killed an orc high priest
 28391 | Orc:2    | Noticed an orc high priest
 28406 | Orc:2    | Killed an orc high priest
 28407 | Orc:2    | Reached XP level 13. HP: 50/63 MP: 14/14
 28430 | Orc:2    | Found Ricanaer's Antique Armour Shoppe.
 29132 | Orc:2    | Noticed an orc warlord
 29149 | Orc:2    | Killed an orc warlord
 29214 | Orc:2    | Found Ziakud's Antique Weapon Shoppe.
 29481 | Orc:1    | Reached skill level 15 in Stealth
 29739 | Orc:1    | Noticed an ettin
 29741 | Orc:1    | Noticed a fire giant
 29770 | Orc:1    | Killed a fire giant
 29775 | Orc:1    | Killed an ettin
 31408 | D:13     | Found Vuhiv's Antique Armour Shop.
 31421 | D:13     | Noticed Jorgrun
 31614 | D:13     | Found a white marble altar of Elyvilon.
 31706 | D:12     | HP: 4/96 [Jorgrun/+0 vorpal quarterstaff (13)]
 31708 | D:12     | Mangled by Jorgrun

Illustrated notes

Levels and vault maps discovered:
D:1:      sevenhm_arrival_forest_fort_small_4, layout_rooms
D:2:      cheibrodos_greedy_goblins, layout_basic,
          chequers_ecumenical_altar_simple, grunt_dithmenos_smoke_and_mirrors,
          uniq_robin
D:3:      layout_basic, bh_walls_and_bars
D:4:      layout_loops_ring, kennysheep_little_box
D:5:      layout_basic, minmay_temple_entry_wispy, chequers_big_river,
          serial_bayou_lake_a
D:6:      layout_rooms, nicolae_ossuary_entry_false_entrances, uniq_maggie
D:7:      layout_cave_pools, minmay_statues_item, okawaru_trees_1
D:8:      layout_rooms, dpeg_oklobed_lair, serial_shops, shop,
          corexii_hall_statues_x, hangedman_decor_push
D:9:      layout_basic, enter_bailey_2, serial_shops, shop,
          fedhas_bush_and_centaur_altar
D:10:     layout_irregular_city, zombieorc2_lemuel
D:11:     layout_layer_cave
D:12:     layout_cave_pods, serial_park, serial_park_fountain,
          serial_park_tiny_2, serial_park_gazebo [serial_park_minivault_5x5_4]
D:13:     layout_basic, skrybe_vaults_entry_preservation, serial_shops,
          nicolae_shop_behind_doors, minmay_ruined_shrine, uniq_jorgrun,
          uniq_rupert
Temple:   regret_index_temple_sigil_plot
Lair:1:   layout_regular_city, gammafunk_ghost_wrathful_warriors,
          infiniplex_staircase_pool, lemuel_fruit_tree, uniq_sonja, uniq_grum
Lair:2:   layout_concentric_octagons, guppyfry_snake_entry_garden, basic_altar
Lair:3:   layout_regular_city, lightli_volcano_entry_magma_tube,
          grunt_megastairs_3
Lair:4:   layout_roguey, swamp_mist, lemuel_centaur_altar
Lair:5:   layout_gridlike, slime_altar_2, grunt_megastairs_4
Lair:6:   wormcave, layout_gridlike, gammafunk_ghost_arena, zaba_anthell,
          minmay_lair_oklob_chamber
Orc:1:    giant_chief_lemuel, layout_diamond_mine
Orc:2:    grunt_orc_gardens, layout_diamond_mine, grunt_orc_garden,
          grunt_orc_garden, grunt_orc_garden, grunt_orc_garden,
          gauntlet_entry_generic

Skill      XL: |  1  2  3  4  5  6  7  8  9 10 11 12 13 |
---------------+----------------------------------------+-----
Unarmed Combat | 4 5 6 7 8 9 11 14 15 | 15.8
Stealth        | 1 3 4 5 6 8 10 12 14 15 | 15.3
Dodging        | 5 6 7 8 9 10 12 13 14 | 14.9
Fighting       | 4 5 6 7 9 11 | 11.9
Evocations     | 3 5 7 9 |  9.4

Action                   |  1- 3 |  4- 6 |  7- 9 | 10-12 | 13-15 || total
-------------------------+-------+-------+-------+-------+-------++-------
Melee: Unarmed           |   102 |   183 |   388 |  1180 |   422 ||  2275
       Bite              |    12 |    18 |    46 |   182 |    60 ||   318
       Punch             |     1 |     4 |    10 |    77 |    37 ||   129
Invok: Berserk           |     4 |     6 |    17 |    26 |     6 ||    59
       Trog's Hand       |       |       |       |     5 |     2 ||     7
       Brothers in Arms  |       |       |       |     5 |     3 ||     8
Evoke: Wand              |       |       |       |     8 |     6 ||    14
  Use: Scroll            |       |       |    15 |    15 |     1 ||    31
       Potion            |       |       |       |     3 |     3 ||     6
 Stab: Sleeping          |     3 |     2 |    10 |    31 |     8 ||    54
       Distracted        |     1 |       |       |     4 |     2 ||     7
Armor: Skin              |     2 |     3 |    20 |    25 |     6 ||    56
Dodge: Dodged            |    50 |   110 |   369 |  1237 |   353 ||  2119
